 Dungeon Crawl Stone Soup version 0.28-a0-1213-g0243856f03 (webtiles) character file.

Game seed: 15572863228706173830

3692 kipponium the Vexing (level 10, -13/76 HPs)
             Began as a Gnoll Arcane Marksman on Dec 21, 2021.
             Was an Elder of Okawaru.
             Mangled by a two-headed ogre (26 damage)
             ... on level 8 of the Dungeon.
             The game lasted 00:51:13 (12597 turns).

kipponium the Vexing (Gnoll Arcane Marksman)       Turns: 12597, Time: 00:51:13

Health: -13/76     AC: 12    Str: 13    XL:     10   Next: 13%
Magic:  18/18      EV: 17    Int: 12    God:    Okawaru [****..]
Gold:   355        SH:  0    Dex: 14    Spells: 9/20 levels left

rFire   + + .      SeeInvis .   a - +0 shortbow
rCold   . . .      Faith    .   (shield currently unavailable)
rNeg    . . .      Spirit   .   L - +4 ring mail "Wiczer" {rF++ Will- rCorr}
rPois   .          Reflect  .   (no helmet)
rElec   .          Harm     .   t - +0 cloak
rCorr   +          Rampage  .   H - +0 pair of gloves
Will    .....                   (no boots)
Stlth   ++........              (no amulet)
HPRegen 0.22/turn               E - +4 ring of evasion
MPRegen 0.16/turn               (no ring)

@: weak-willed
A: fangs 1, strong nose, distributed training
a: Renounce Religion, Heroism, Finesse


You were on level 8 of the Dungeon.
You worshipped Okawaru.
Okawaru was greatly pleased with you.
You visited 2 branches of the dungeon, and saw 9 of its levels.

You collected 355 gold pieces.

Inventory:

Hand Weapons
 a - a +0 shortbow (weapon)
 m - a +0 hunting sling
 z - a +2 vampiric short sword
 M - a +2 long sword of flaming
Missiles
 r - 239 stones
 x - 4 boomerangs
 G - 60 arrows (quivered ammo)
 J - 6 curare-tipped darts
 N - 17 poisoned darts
Armour
 d - a +0 robe
 t - a +0 cloak (worn)
 B - a +3 leather armour of poison resistance
 H - a +0 pair of gloves (worn)
 L - the +4 ring mail "Wiczer" (worn) {rF++ Will- rCorr}
   (You found it on level 8 of the Dungeon)

   rF:        It greatly protects you from fire.
   rCorr:     It protects you from acid and corrosion.
   Will:      It decreases your willpower.
Magical Staves
 f - a staff of conjuration
 D - a staff of air
Jewellery
 C - an amulet of guardian spirit
 E - a +4 ring of evasion (left hand)
Wands
 b - a wand of digging (8)
 c - a wand of paralysis (3)
 p - a wand of iceblast (17)
 s - a wand of polymorph (1)
 y - a wand of mindburst (1)
 F - a wand of flame (29)
Scrolls
 g - 3 scrolls of noise {unknown}
 j - a scroll of amnesia
 k - a scroll of silence
 l - 2 scrolls of enchant armour
 n - a scroll of vulnerability
 w - 5 scrolls of fog
 A - a scroll of torment {unknown}
 I - a scroll of fear {unknown}
Potions
 e - 2 potions of curing
 h - 3 potions of lignification {unknown}
 i - a potion of resistance
 o - 4 potions of heal wounds {unknown}
 q - 3 potions of cancellation
 u - a potion of berserk rage
 v - a potion of flight


   Skills:
 + Level 5.6 Fighting
 + Level 5.0 Short Blades
 + Level 5.0 Long Blades
 + Level 5.0 Axes
 + Level 5.0 Maces & Flails
 + Level 5.0 Polearms
 + Level 5.0 Staves
 + Level 5.0 Slings
 + Level 6.8 Bows
 + Level 5.0 Crossbows
 + Level 5.0 Throwing
 + Level 5.0 Armour
 + Level 6.8 Dodging
 + Level 5.0 Stealth
 + Level 5.0 Shields
 + Level 5.0 Unarmed Combat
 + Level 5.8 Spellcasting
 + Level 4.1 Conjurations
 + Level 6.9 Hexes
 + Level 4.1 Summonings
 + Level 4.1 Necromancy
 + Level 4.1 Translocations
 + Level 4.1 Transmutations
 + Level 4.1 Fire Magic
 + Level 4.1 Ice Magic
 + Level 4.1 Air Magic
 + Level 4.1 Earth Magic
 + Level 4.1 Poison Magic
 + Level 5.4 Invocations
 + Level 5.0 Evocations


You had 9 spell levels left.
You knew the following spells:

 Your Spells              Type           Power      Damage    Failure   Level
a - Slow                  Hex            80%        N/A       2%          1
b - Inner Flame           Hex/Fire       16%        N/A       12%         3
c - Portal Projectile     Hex/Tloc       32%        N/A       12%         3
d - Cause Fear            Hex            10%        N/A       22%         4

Your spell library contained the following spells:

 Spells                   Type           Power      Damage    Failure   Level
 Confusing Touch          Hex            20%        N/A       6%          3
 Vampiric Draining        Necr           13%        2d6       21%         3
 Yara's Violent Unravell  Hex/Tmut       8%         3d5       71%         5
 Blade Hands              Tmut           6%         N/A       88%         5
 Borgnjor's Vile Clutch   Necr/Erth      6%         N/A       88%         5
 Excruciating Wounds      Necr           6%         N/A       88%         5
 Animate Dead             Necr           Unusable   N/A       N/A         4
 Death Channel            Necr           Unusable   N/A       N/A         6

Dungeon Overview and Level Annotations

Branches:
Dungeon (8/15)             Temple (1/1) D:4
   Lair: D:8-11

Altars:
Ashenzari
Cheibriados
Fedhas
Hepliaklqana
Kikubaaqudgha
Makhleb
Nemelex Xobeh
Okawaru
Uskayaw
Wu Jian
Yredelemnul
Zin

Shops:
D:1 !   D:3 [

Annotations:
D:7 1 runed translucent door, Crazy Yiuf


Innate Abilities, Weirdness & Mutations

You have very sharp teeth.
Your uncanny sense of smell can sniff out nearby items.
Your experience applies equally to all skills.


Message History

Aiming: Paralyse
Press: ? - help, Shift-Dir - straight line, f - two-headed ogre
Aim: a two-headed ogre, wielding the +10 dark maul {vorpal} and a +0 giant club (chance to affect: 43%)
The two-headed ogre resists with some effort.
The two-headed ogre completely misses you.
The two-headed ogre closely misses you.
Really read the scroll of vulnerability?
As you read the scroll of vulnerability, it crumbles to dust.
Magic quickly surges around you. The two-headed ogre closely misses you.
The two-headed ogre hits you with a +0 giant club.
Aiming: Paralyse
Press: ? - help, Shift-Dir - straight line, f/p - two-headed ogre
Aim: a two-headed ogre, wielding the +10 dark maul {vorpal} and a +0 giant club (weak-willed, chance to affect: 61%)
Okay, then.
Casting: Slow (safe; 2% risk of failure)
Confirm with . or Enter, or press ? or * to list all spells.
Aiming: Inner Flame (dangerous; 12% risk of failure)
Press: ? - help, Dir - move target, f/p - two-headed ogre
Aim: a two-headed ogre, wielding the +10 dark maul {vorpal} and a +0 giant club (weak-willed, chance to affect: 71%)
The two-headed ogre is filled with an inner flame.
Aiming: Paralyse
Press: ? - help, Shift-Dir - straight line, f/p - two-headed ogre
Aim: a two-headed ogre, wielding the +10 dark maul {vorpal} and a +0 giant club (inner flame, weak-willed, chance to affect: 61%)
The two-headed ogre resists with significant effort.
The two-headed ogre hits you with the +10 dark maul {vorpal}!!!
Ouch! That really hurt!
* * * LOW HITPOINT WARNING * * *
The two-headed ogre hits you with a +0 giant club!
* * * LOW HITPOINT WARNING * * *
There is a large open door here.
Okay, then.
There is a large open door here.
Okay, then.
Found a stone staircase leading up.
The orc knight unwields a +0 dire flail.
The orc knight wields a +0 arbalest.
The orc knight shoots a bolt.
The bolt closely misses you.
The orc knight shoots a bolt.
The bolt completely misses you.
The two-headed ogre hits you with the +10 dark maul {vorpal}!!
You die...

.........)†.....##..##.....######
............................###
.........)......###...........#
................###...........#
.......)........#<#...#.#.....#
................#.#.#.#.#!....#
................#.#.#^..#.....#
................#.#.....#.....#
................@O......#.#'####
.................................
.....................##.#.#######
......................o.........
................#.#+####.)######
..................#......>......
................###.....o.######
................# #.......#
................# #..#''###


You could see an orc knight (weak-willed) and a two-headed ogre (inner flame,
weak-willed).

Vanquished Creatures
  Maurice (D:8)
  Maggie (D:8)
  Grinder (D:5)
  2 water moccasins
  An ice beast (D:6)
  2 necrophages
  An orc warrior (D:8)
  3 sky beasts (D:6)
  2 black bears
  A centaur (D:8)
  3 phantoms
  5 bullfrogs
  A gnoll sergeant (D:5)
  A scorpion (D:4)
  A water moccasin skeleton (D:4)
  A jelly (D:4)
  A bullfrog zombie (D:5)
  3 orc priests (D:8)
  A centaur skeleton (D:7)
  5 hounds
  7 iguanas
  Ijyb (D:4)
  5 orc wizards
  A hound skeleton (D:5)
  A howler monkey skeleton (D:7)
  A howler monkey zombie (D:6)
  4 gnolls
  19 adders
  A shadow imp (D:7)
  An ufetubus (D:4)
  7 worms
  2 dart slugs
  17 orcs
  7 endoplasms
  2 giant cockroaches
  5 goblins
  8 hobgoblins
  10 jackals
  3 quokkas
  7 ball pythons
  6 bats
  2 frilled lizards
  10 kobolds
  A quokka skeleton (D:4)
  10 rats
175 creatures vanquished.

Notes
Turn   | Place    | Note
-------+----------+-------------------------------------------
     0 | D:1      | kipponium the Gnoll Arcane Marksman began the quest for the
                  | Orb.
     0 | D:1      | Reached XP level 1. HP: 17/17 MP: 4/4
   131 | D:1      | Reached XP level 2. HP: 23/23 MP: 3/5
   385 | D:1      | Found Avut's Distillery.
   426 | D:1      | Reached XP level 3. HP: 28/28 MP: 4/7
  1002 | D:2      | Reached skill level 1 in Invocations
  1154 | D:2      | Found a faded altar of an unknown god.
  1227 | D:2      | Reached skill level 1 in Short Blades
  1227 | D:2      | Reached skill level 1 in Long Blades
  1227 | D:2      | Reached skill level 1 in Axes
  1227 | D:2      | Reached skill level 1 in Maces & Flails
  1227 | D:2      | Reached skill level 1 in Polearms
  1227 | D:2      | Reached skill level 1 in Staves
  1227 | D:2      | Reached skill level 1 in Slings
  1227 | D:2      | Reached skill level 1 in Crossbows
  1227 | D:2      | Reached skill level 1 in Throwing
  1227 | D:2      | Reached skill level 1 in Armour
  1227 | D:2      | Reached skill level 1 in Stealth
  1227 | D:2      | Reached skill level 1 in Shields
  1227 | D:2      | Reached skill level 1 in Unarmed Combat
  1227 | D:2      | Reached skill level 1 in Evocations
  1239 | D:2      | Reached XP level 4. HP: 34/34 MP: 8/8
  2142 | D:3      | Reached skill level 1 in Conjurations
  2142 | D:3      | Reached skill level 1 in Summonings
  2142 | D:3      | Reached skill level 1 in Necromancy
  2142 | D:3      | Reached skill level 1 in Translocations
  2142 | D:3      | Reached skill level 1 in Transmutations
  2142 | D:3      | Reached skill level 1 in Fire Magic
  2142 | D:3      | Reached skill level 1 in Ice Magic
  2142 | D:3      | Reached skill level 1 in Air Magic
  2142 | D:3      | Reached skill level 1 in Earth Magic
  2142 | D:3      | Reached skill level 1 in Poison Magic
  2153 | D:3      | Found Ohona's Antique Armour Boutique.
  2476 | D:3      | Reached XP level 5. HP: 24/40 MP: 9/9
  3281 | D:3      | Learned a level 3 spell: Inner Flame
  3285 | D:3      | Learned a level 3 spell: Portal Projectile
  3321 | D:4      | Reached XP level 6. HP: 38/47 MP: 10/10
  3445 | D:4      | Found a staircase to the Ecumenical Temple.
  3462 | Temple   | Entered the Ecumenical Temple
  3523 | Temple   | Became a worshipper of Warmaster Okawaru
  4061 | D:4      | Reached skill level 5 in Bows
  4061 | D:4      | Reached skill level 5 in Dodging
  4548 | D:4      | Reached XP level 7. HP: 52/52 MP: 12/12
  5123 | D:4      | Learned a level 4 spell: Cause Fear
  5142 | D:5      | Entered Level 5 of the Dungeon
  5226 | D:4      | Reached * piety under Okawaru
  5617 | D:5      | Noticed Ijyb
  6398 | D:4      | Killed Ijyb
  6981 | D:4      | Reached XP level 8. HP: 29/60 MP: 14/14
  7746 | D:5      | Noticed Grinder
  7750 | D:5      | Paralysed by Grinder for 4 turns
  7759 | D:5      | Killed Grinder
  8527 | D:6      | Reached ** piety under Okawaru
  9107 | D:6      | Reached XP level 9. HP: 36/66 MP: 12/16
  9833 | D:6      | Reached skill level 5 in Spellcasting
 10400 | D:7      | Reached skill level 5 in Fighting
 11033 | D:7      | Found a runed translucent door.
 11034 | D:7      | Noticed Crazy Yiuf
 11409 | D:8      | Identified the +4 ring mail "Wiczer" {rF++ Will- rCorr}
 11461 | D:8      | Reached *** piety under Okawaru
 11796 | D:8      | Noticed Maggie
 11806 | D:8      | Killed Maggie
 11807 | D:8      | Reached skill level 5 in Invocations
 12234 | D:8      | Noticed Maurice
 12238 | D:8      | Killed Maurice
 12238 | D:8      | Reached **** piety under Okawaru
 12239 | D:8      | Reached XP level 10. HP: 76/76 MP: 18/18
 12496 | D:8      | Reached skill level 5 in Short Blades
 12496 | D:8      | Reached skill level 5 in Long Blades
 12496 | D:8      | Reached skill level 5 in Axes
 12496 | D:8      | Reached skill level 5 in Maces & Flails
 12496 | D:8      | Reached skill level 5 in Polearms
 12496 | D:8      | Reached skill level 5 in Staves
 12496 | D:8      | Reached skill level 5 in Slings
 12496 | D:8      | Reached skill level 5 in Crossbows
 12496 | D:8      | Reached skill level 5 in Throwing
 12496 | D:8      | Reached skill level 5 in Armour
 12496 | D:8      | Reached skill level 5 in Stealth
 12496 | D:8      | Reached skill level 5 in Shields
 12496 | D:8      | Reached skill level 5 in Unarmed Combat
 12496 | D:8      | Reached skill level 5 in Evocations
 12570 | D:8      | Noticed an orc knight
 12570 | D:8      | Noticed a two-headed ogre
 12597 | D:8      | Mangled by a two-headed ogre

Illustrated notes

Levels and vault maps discovered:
D:1:      scummos_arrival_checkerplants, layout_basic, serial_shops,
          nicolae_shop_advertising_works [nicolae_subvault_shop_adworks],
          serial_curves, eino_curves_03, eino_curves_02, eino_curves_01,
          eino_curves_04, skrybe_limestone_x, grunt_decor_arrowhead
D:2:      layout_basic, ebering_ecumenical_altar_webs
D:3:      corexii_shack_village, layout_basic, serial_shops, nicolae_shop_trees,
          lightli_sewer_entry_pipes
D:4:      layout_gridville, minmay_temple_entry_slanted, grunt_ministairs_2,
          kennysheep_small_square
D:5:      layout_cave_pools, nicolae_ossuary_entry_plus, uniq_grinder, uniq_ijyb
D:6:      layout_rooms
D:7:      layout_basic, uniq_crazy_yiuf_cottage
D:8:      layout_basic, hellmonk_guarded_unrand_dark_maul, uniq_maurice,
          uniq_maggie
Temple:   mainiacjoe_temple_circle_huts

Skill      XL: |  1  2  3  4  5  6  7  8  9 10 |
---------------+-------------------------------+-----
Invocations    | 1 2 3 4 5 |  5.4
Short Blades   | 1 2 3 4 5 |  5.0
Long Blades    | 1 2 3 4 5 |  5.0
Axes           | 1 2 3 4 5 |  5.0
Maces & Flails | 1 2 3 4 5 |  5.0
Polearms       | 1 2 3 4 5 |  5.0
Staves         | 1 2 3 4 5 |  5.0
Slings         | 1 2 3 4 5 |  5.0
Crossbows      | 1 2 3 4 5 |  5.0
Throwing       | 1 2 3 4 5 |  5.0
Armour         | 1 2 3 4 5 |  5.0
Stealth        | 1 2 3 4 5 |  5.0
Shields        | 1 2 3 4 5 |  5.0
Unarmed Combat | 1 2 3 4 5 |  5.0
Evocations     | 1 2 3 4 5 |  5.0
Spellcasting   | 3 4 5 |  5.8
Conjurations   | 1 2 3 4 |  4.1
Summonings     | 1 2 3 4 |  4.1
Necromancy     | 1 2 3 4 |  4.1
Translocations | 1 2 3 4 |  4.1
Transmutations | 1 2 3 4 |  4.1
Fire Magic     | 1 2 3 4 |  4.1
Ice Magic      | 1 2 3 4 |  4.1
Air Magic      | 1 2 3 4 |  4.1
Earth Magic    | 1 2 3 4 |  4.1
Poison Magic   | 1 2 3 4 |  4.1
Fighting       | 3 4 5 |  5.6
Bows           | 5 6 |  6.8
Dodging        | 5 6 |  6.8
Hexes          | 6 |  6.9

Action                   |  1- 3 |  4- 6 |  7- 9 | 10-12 || total
-------------------------+-------+-------+-------+-------++-------
Melee: Staff             |       |    27 |   529 |     1 ||   557
       Bite              |       |     2 |    54 |       ||    56
       Punch             |       |       |     4 |       ||     4
       Shortbow          |       |       |     2 |       ||     2
 Fire: Shortbow          |    82 |   256 |   161 |     8 ||   507
       Hunting sling     |       |       |    47 |       ||    47
Throw: Boomerang         |       |       |    36 |       ||    36
 Cast: Slow              |     8 |    37 |    89 |     1 ||   135
       Portal Projectile |       |     1 |     8 |       ||     9
       Inner Flame       |       |       |    18 |     2 ||    20
       Cause Fear        |       |       |     5 |       ||     5
Evoke: Wand              |       |       |    12 |     2 ||    14
  Use: Scroll            |       |       |    11 |     1 ||    12
 Stab: Sleeping          |       |       |     2 |       ||     2
       Distracted        |       |       |     1 |       ||     1
Armor: Robe              |     7 |    19 |    10 |       ||    36
       Leather armour    |       |       |   104 |       ||   104
       Ring mail         |       |       |    15 |       ||    15
Dodge: Dodged            |    11 |    99 |   355 |     7 ||   472

Table legend: (Time is in decaauts)
 A = Elapsed time spent in this place.
 B = Non-inter-level travel time spent in this place.
 C = Inter-level travel time spent in this place.
 D = Time resting spent in this place.
 E = Time spent auto-exploring this place.
 F = Levels seen in this place.
 G = Mean time per level.
                   A        B        C        D        E       F      G
               +--------+--------+--------+--------+--------+-----+--------+
         Total |  12680 |  11805 |    875 |   4081 |   4492 |   9 | 1408.9 |
       Dungeon |  12603 |  11740 |    863 |   4081 |   4491 |   8 | 1575.4 |
        Temple |     76 |     64 |     12 |      0 |      1 |   1 |   76.0 |
               +--------+--------+--------+--------+--------+-----+--------+

Top non-repeatable levels by time:
     D:4: 4025 daAuts
     D:6: 1474 daAuts
     D:7: 1327 daAuts
     D:8: 1253 daAuts
     D:3: 1245 daAuts
     D:2: 1213 daAuts
     D:5: 1185 daAuts
     D:1: 878 daAuts
  Temple: 76 daAuts
